 Dungeon Crawl Stone Soup version 0.17.0-8-gb983d21 (console) character file.

77709 Kloppie the Basher (level 15, 0/83 HPs)
             Began as a Vine Stalker Fighter on Nov 9, 2015.
             Was the Champion of Makhleb.
             Slain by an Ice Fiend (9 damage)
             ... in an ice cave.
             The game lasted 01:23:43 (26107 turns).

Kloppie the Basher (Vine Stalker Fighter)          Turns: 26107, Time: 01:23:43

Health: 0/83       AC: 22    Str: 23    XL:     15   Next: 57%
Magic:  0/41       EV: 10    Int:  8    God:    Makhleb [******]
Gold:   1240       SH: 13    Dex: 16    Spells: 0 memorised, 14 levels left

rFire  . . .     SeeInvis +     b - +1 eveningstar (protect)
rCold  + + .     Clarity  .     Z - +2 ring mail of Ru's Wrath {rC++ MP+9 SInv}
rNeg   . . .     SustAt   .     c - +0 shield
rPois  +         Gourm    .     C - +0 helmet
rElec  .         Spirit   +     t - +1 cloak
rCorr  .         Warding  .     M - +0 pair of gloves
rMut   .         Stasis   .     j - +1 pair of boots {Fly}
MR     +....                    J - amulet of regeneration
Stlth  +.........               I - ring of magical power
                                m - ring of poison resistance

@: somewhat resistant to hostile enchantments, very unstealthy
A: fangs 3, regeneration 3, magic shield, antimagic bite, no device heal 3, rot
immunity
a: Minor Destruction, Lesser Servant of Makhleb, Major Destruction, Greater
Servant of Makhleb, Renounce Religion, Evoke Flight


You were in an ice cave.
You worshipped Makhleb.
Makhleb was exalted by your worship.
You were not hungry.

You visited 5 branches of the dungeon, and saw 25 of its levels.
You also visited: Labyrinth and Ice Cave.

You collected 2935 gold pieces.
You spent 1695 gold pieces at shops.

Inventory:

Hand Weapons
 a - the +8 flail of Context {crush, Str+6}
   (You found it on level 8 of the Dungeon)

   It inflicts extra damage upon your enemies.
   It affects your strength (+6).
 b - a +1 eveningstar of protection (weapon)
Armour
 c - a +0 shield (worn)
 j - a +1 pair of boots of flying (worn)
 l - the +3 plate armour of Tunuzu {rElec}
   (You bought it in a shop on level 5 of the Dungeon)

   It insulates you from electricity.
 t - a +1 cloak (worn)
 C - a +0 helmet (worn)
 M - a +0 pair of gloves (worn)
 Z - the +2 ring mail of Ru's Wrath (worn) {rC++ MP+9 SInv}
   (You found it on level 6 of the Lair of Beasts)

   It greatly protects you from cold.
   It affects your magic capacity (+9).
   It lets you see invisible.
Rods
 p - a +0 rod of destruction (12/12)
   (You found it on level 8 of the Lair of Beasts)
Jewellery
 h - an uncursed amulet of resist mutation
 m - a ring of poison resistance (left hand)
 n - an uncursed ring of sustain attributes
 E - a +4 ring of evasion
 I - a ring of magical power (right hand)
 J - an amulet of regeneration (around neck)
 N - an uncursed ring of see invisible
 R - an uncursed amulet of clarity
Wands
 x - a wand of paralysis (22)
 z - a wand of teleportation (2)
 H - a wand of disintegration (11)
Scrolls
 i - 3 scrolls of blinking
 k - 7 scrolls of teleportation
 s - a scroll of enchant armour
 y - 8 scrolls of remove curse
 B - 5 scrolls of identify
 D - a scroll of fog
 G - a scroll of magic mapping
 P - 2 scrolls of recharging
 Y - 3 scrolls of fear
Potions
 f - 8 potions of curing
 g - a potion of magic
 u - 4 potions of cancellation
 v - 2 potions of agility
 w - 5 potions of invisibility
 F - 4 potions of might
 K - 2 potions of resistance
Comestibles
 d - 4 meat rations
 e - 11 bread rations
 o - 5 fruits
 q - a royal jelly


   Skills:
 - Level 11.6 Fighting
 - Level 12.4 Maces & Flails
 - Level 10.8 Armour
 + Level 12.3 Shields
 - Level 10.0 Invocations


You had 14 spell levels left.
You didn't know any spells.

Dungeon Overview and Level Annotations

Branches:
Dungeon (11/15)            Temple (1/1) D:5            Lair (8/8) D:10
  Swamp (1/4) Lair:5       Spider (0/4) Lair:6        Slime (0/6) Lair:6
    Orc (4/4) D:11            Elf (0/3) Orc:4

Altars:
Ashenzari
Cheibriados
Dithmenos
Elyvilon
Fedhas
Gozag
Kikubaaqudgha
Makhleb
Nemelex Xobeh
Okawaru
Qazlal
Ru
Sif Muna
Trog
Vehumet
Xom
Yredelemnul
Zin
The Shining One
Beogh

Shops:
D:5 [   D:7 [   D:10 =   D:11 ?   Orc:4 }(}?!

Portals:
Hell: Lair:8
Pandemonium: Orc:4

Annotations:
Lair:4 exclusion: 2 oklob plants


Innate Abilities, Weirdness & Mutations

You have razor-sharp teeth.
You regenerate.
When hurt, damage is shared between your health and your magic reserves.
Your bite disrupts and absorbs the magic of your enemies.
Potions and wands cannot restore your health.
You are immune to rotting.


Message History

* * * LOW HITPOINT WARNING * * *
The Ice Fiend freezes you! You resist.
* * * LOW HITPOINT WARNING * * *
You completely miss the Ice Fiend.
You bite the Ice Fiend, but do no damage.
The Ice Fiend is heavily wounded.
The Ice Fiend claws you but does no damage.
The Ice Fiend barely misses you.
You closely miss the Ice Fiend.
The Ice Fiend is heavily wounded.
The Ice Fiend gestures at you. The bolt of cold hits you! You resist.
* * * LOW HITPOINT WARNING * * *
You puncture the Ice Fiend! Your bite misses the Ice Fiend.
The Ice Fiend is heavily wounded.
The Ice Fiend claws you but does no damage.
The Ice Fiend claws you.
* * * LOW HITPOINT WARNING * * *
The Ice Fiend freezes you! You resist.
You die...

≈#≈≈≈##.##.##
≈≈≈≈≈#..#.##
≈#≈≈##.##..#
≈≈≈ #.###.#
##.#.##
#....# ##.#.#
###.## ##@#
##1# #..#
#.## #.##
##.# #3# ..#
Z.##


You could see an Ice Fiend.

Vanquished Creatures
  Rupert (Lair:3)
  The ghost of ZlagarX the Peltast, a journeyman HOFi of Beogh (Orc:4)
  Donald (Orc:3)
  2 dire elephants (Lair:8)
  A minotaur (Lab)
  6 hydras
  Fannar (Orc:2)
  Erolcha (Orc:1)
  6 death yaks (Lair:8)
  2 alligators (Swamp:1)
  Urug (Orc:1)
  2 orc high priests (Orc:4)
  The ghost of Frontstab the Charmwright, a novice OpSk of Gozag (D:8)
  Nergalle (D:10)
  7 ice devils
  A gelid demonspawn (Orc:4)
  A hill giant (D:10)
  A lindwurm (Lair:7)
  9 orc sorcerers (Orc:4)
  A cyclops (D:11)
  5 orc knights (Orc:4)
  A wizard (Lair:8)
  6 elephants (Lair:4)
  2 rust devils (Orc:4)
  2 griffons
  A sixfirhy (Lair:8)
  Joseph (D:7)
  9 black mambas
  2 orange demons (Lair:8)
  An ice statue (IceCv)
  10 spiny frogs
  A smoke demon (Lair:8)
  7 komodo dragons
  A hellwing (Lair:8)
  4 red devils (Lair:8)
  3 anaconda simulacra (IceCv)
  2 trolls
  7 blue devils
  4 freezing wraiths (IceCv)
  A fire drake (Lair:7)
  3 polar bears
  A giant leech (Swamp:1)
  6 blink frogs
  A bog body (Swamp:1)
  A deep elf mage (D:10)
  A dire elephant simulacrum (IceCv)
  28 yaks
  4 basilisks
  13 hippogriffs
  2 mottled dragons (Lair:7)
  3 harpy simulacra (IceCv)
  3 wolves (Lair:7)
  2 death yak simulacra (IceCv)
  A swamp worm (Swamp:1)
  A steam dragon (Lair:7)
  14 vampire mosquitoes
  An iron troll simulacrum (IceCv)
  13 water moccasins
  8 porcupines
  4 hydra simulacra (IceCv)
  31 orc warriors
  4 black bears
  2 wasps
  An eye of draining (D:10)
  3 ice beasts
  A swamp drake (Lair:7)
  A phantom (D:11)
  An ettin simulacrum (IceCv)
  8 spiders (Lair:6)
  3 centaurs
  9 ogres
  11 crocodiles
  11 giant frogs
  2 big kobolds
  A wyvern zombie (D:6)
  A wyvern skeleton (D:7)
  10 killer bees
  3 scorpions
  16 wights
  5 crimson imps
  17 jellies
  A centaur zombie (D:5)
  23 orc wizards
  A draconian simulacrum (IceCv)
  A giant frog skeleton (D:6)
  3 giant frog zombies
  Crazy Yiuf (D:7)
  A centaur skeleton (D:11)
  5 hounds
  5 iguanas
  35 orc priests
  8 worker ants
  5 troll simulacra (IceCv)
  Terence (D:3)
  A polar bear simulacrum (IceCv)
  24 sheep
  A killer bee zombie (D:6)
  A centaur simulacrum (IceCv)
  A hound zombie (D:10)
  A hound skeleton (D:10)
  6 gnolls (D:6)
  49 river rats
  A naga simulacrum (IceCv)
  2 ogre simulacra (IceCv)
  11 adders
  18 white imps
  2 shadow imps (D:5)
  5 ufetubi (IceCv)
  7 oozes
  An adder skeleton (D:7)
  3 worms
  4 giant geckos
  194 orcs
  17 goblins
  9 hobgoblins
  14 kobolds
  2 quokkas
  2 ball pythons (D:1)
  21 bats
  8 giant cockroaches
  A giant cockroach zombie (D:5)
  A giant gecko skeleton (D:7)
  4 giant newts
  18 jackals
  A quokka skeleton (D:6)
  10 rats
  A bush (Lair:8)
  2 fungi (D:10)
  A plant (Lair:8)
902 creatures vanquished.

Vanquished Creatures (others)
  A giant cockroach (D:3)
  A goblin (Orc:1)
  A kobold (Orc:1)
  A bush (Lair:8)
  3 fungi
  3 plants (Lair:8)
10 creatures vanquished.

Grand Total: 912 creatures vanquished

Notes
Turn   | Place    | Note
--------------------------------------------------------------
     0 | D:1      | Kloppie the Vine Stalker Fighter began the quest for the Orb.
     0 | D:1      | Reached XP level 1. HP: 11/11 MP: 2/2
   132 | D:1      | Reached XP level 2. HP: 14/16 MP: 3/3
   468 | D:1      | Reached XP level 3. HP: 19/19 MP: 4/4
   503 | D:1      | Reached skill level 3 in Fighting
   985 | D:2      | Reached XP level 4. HP: 21/24 MP: 5/5
  1748 | D:3      | Found a sacrificial altar of Ru.
  1966 | D:3      | Found a stormy altar of Qazlal.
  2043 | D:3      | Found a deep blue altar of Sif Muna.
  2073 | D:3      | Noticed Terence
  2086 | D:3      | Killed Terence
  2086 | D:3      | Reached XP level 5. HP: 26/28 MP: 4/6
  2220 | D:3      | HP: 1/28 [orc priest/divine providence (12)]
  2466 | D:3      | You fall through a shaft for 3 floors!
  2502 | D:6      | Noticed an ogre
  2517 | D:6      | Killed an ogre
  2517 | D:6      | Reached skill level 4 in Fighting
  2517 | D:6      | Gained mutation: You heal very quickly. [Vine Stalker growth]
  2517 | D:6      | Reached XP level 6. HP: 23/33 MP: 7/7
  2622 | D:5      | Entered Level 5 of the Dungeon
  2622 | D:5      | Found a staircase to the Ecumenical Temple.
  2628 | Temple   | Entered the Ecumenical Temple
  2839 | D:5      | Found a sparkling altar of Nemelex Xobeh.
  3205 | D:3      | Reached XP level 7. HP: 35/38 MP: 8/8
  3886 | D:4      | Found a glowing golden altar of the Shining One.
  4147 | D:5      | Found Hemiogg's Antique Armour Boutique.
  4164 | D:5      | Found an opulent altar of Gozag.
  4237 | D:5      | Reached skill level 5 in Fighting
  4492 | D:5      | Reached skill level 5 in Maces & Flails
  4519 | D:5      | Gained mutation: You have razor-sharp teeth. [Vine Stalker growth]
  4519 | D:5      | Reached XP level 8. HP: 40/43 MP: 9/9
  5041 | D:6      | Reached skill level 5 in Armour
  5562 | D:7      | Noticed Joseph
  5638 | D:6      | Reached skill level 6 in Fighting
  5944 | D:7      | Noticed Crazy Yiuf
  5954 | D:7      | Killed Crazy Yiuf
  6113 | D:7      | Found Ypateh's Antique Armour Shoppe.
  6121 | D:7      | Bought a pair of runed boots for 153 gold pieces
  6132 | D:7      | Found a burning altar of Makhleb.
  6141 | D:7      | Became a worshipper of Makhleb the Destroyer
  6226 | D:7      | Reached XP level 9. HP: 42/49 MP: 8/10
  7083 | D:8      | Noticed Frontstab's ghost (novice OpSk)
  7096 | D:8      | Killed Frontstab's ghost
  7096 | D:8      | Reached skill level 7 in Fighting
  7348 | D:8      | Reached XP level 10. HP: 32/56 MP: 11/11
  7379 | D:8      | Reached * piety under Makhleb
  7433 | D:8      | Got a smoking flail
  7434 | D:8      | Identified the +8 flail of Context {crush, Str+6} (You found it on level 8 of the Dungeon)
  7747 | D:9      | Reached skill level 8 in Fighting
  8091 | D:9      | Reached ** piety under Makhleb
  8554 | D:10     | Entered Level 10 of the Dungeon
  8573 | D:10     | Found a staircase to the Lair.
  8808 | D:10     | Noticed Nergalle
  8820 | D:10     | Killed Nergalle
  8820 | D:10     | Reached skill level 9 in Fighting
  8820 | D:10     | Reached XP level 11. HP: 52/62 MP: 12/12
  8874 | D:10     | Found Kehuruev's Jewellery Shop.
  8888 | D:10     | Reached *** piety under Makhleb
  8893 | D:10     | Bought a cursed amulet of inaccuracy for 32 gold pieces
  9057 | D:10     | Found a blossoming altar of Fedhas.
  9068 | D:10     | Noticed a hill giant
  9076 | D:10     | Killed a hill giant
  9287 | Lair:1   | Entered Level 1 of the Lair of Beasts
  9303 | Lair:1   | Noticed a seven-headed hydra
  9312 | Lair:1   | Killed a seven-headed hydra
  9312 | Lair:1   | Reached skill level 1 in Invocations
  9448 | Lair:1   | Reached **** piety under Makhleb
  9473 | Lair:1   | Reached skill level 10 in Maces & Flails
 10839 | Lair:3   | Reached skill level 5 in Invocations
 11124 | Lair:3   | Got a brightly glowing ring mail
 11126 | Lair:3   | Identified the +5 ring mail "Ystreaqo" {+Blink Stlth+} (You found it on level 3 of the Lair of Beasts)
 11183 | Lair:3   | Gained mutation: You regenerate. [Vine Stalker growth]
 11183 | Lair:3   | Reached XP level 12. HP: 63/67 MP: 14/16
 11594 | Lair:4   | Noticed Rupert
 11628 | Lair:3   | Killed Rupert
 11628 | Lair:3   | Reached skill level 10 in Fighting
 11628 | Lair:3   | Reached skill level 11 in Maces & Flails
 11707 | Lair:4   | Identified a scroll of acquirement
 12113 | Lair:4   | Reached ***** piety under Makhleb
 12632 | Lair:5   | Noticed a six-headed hydra
 12643 | Lair:5   | Killed a six-headed hydra
 12643 | Lair:5   | Reached skill level 10 in Armour
 12738 | Lair:5   | Found a labyrinth entrance.
 12749 | Lab      | Entered a labyrinth
 15109 | Lab      | Noticed a minotaur
 15125 | Lab      | Killed a minotaur
 15125 | Lab      | Reached XP level 13. HP: 72/74 MP: 17/17
 15295 | Lair:5   | Found a staircase to the Swamp.
 15950 | Lair:6   | Reached skill level 12 in Maces & Flails
 16169 | Lair:6   | Got a crude ring mail
 16170 | Lair:6   | Identified the +2 ring mail of Ru's Wrath {rC++ MP+9 SInv} (You found it on level 6 of the Lair of Beasts)
 16304 | Lair:6   | Found a hole to the Spider Nest.
 16464 | Lair:6   | Found a staircase to the Slime Pits.
 17158 | Lair:7   | Reached ****** piety under Makhleb
 17755 | Lair:1   | Gained mutation: You have a somewhat thin skeletal structure (Dex +2, Stealth). [potion of mutation]
 17755 | Lair:1   | Gained mutation: Armour fits poorly on your strangely shaped body. [potion of mutation]
 17755 | Lair:1   | Gained mutation: You are frail (-10% HP). [potion of mutation]
 17756 | Lair:1   | Lost mutation: Armour fits poorly on your strangely shaped body. [potion of cure mutation]
 17756 | Lair:1   | Lost mutation: You are frail (-10% HP). [potion of cure mutation]
 17756 | Lair:1   | Lost mutation: You have a somewhat thin skeletal structure (Dex +2, Stealth). [potion of cure mutation]
 17830 | D:11     | Found a staircase to the Orcish Mines.
 18355 | D:11     | Found Xocoir's Magic Scroll Shop.
 18362 | D:11     | Bought a scroll of teleportation for 42 gold pieces
 18362 | D:11     | Bought a scroll of blinking for 105 gold pieces
 18440 | Orc:1    | Entered Level 1 of the Orcish Mines
 18443 | Orc:1    | Noticed Urug
 18454 | Orc:1    | Killed Urug
 18737 | Orc:1    | Noticed Erolcha
 18741 | Orc:1    | Found a roughly hewn altar of Beogh.
 18747 | Orc:1    | Killed Erolcha
 18863 | Orc:1    | Found a bloodstained altar of Trog.
 19083 | Orc:2    | Noticed Fannar
 19118 | Orc:2    | Killed Fannar
 19482 | Orc:3    | Found a roughly hewn altar of Beogh.
 19831 | Orc:3    | Noticed Donald
 19853 | Orc:3    | Killed Donald
 19853 | Orc:3    | Reached skill level 5 in Shields
 20397 | Orc:4    | Entered Level 4 of the Orcish Mines
 20397 | Orc:4    | Noticed ZlagarX's ghost (journeyman HOFi)
 20413 | Orc:4    | Killed ZlagarX's ghost
 20413 | Orc:4    | Reached XP level 14. HP: 79/79 MP: 20/20
 20770 | Orc:4    | Found a staircase to the Elven Halls.
 20860 | Orc:4    | Found Urocs's Gadget Shoppe.
 21343 | Orc:4    | Found Oxem's Distillery.
 21345 | Orc:4    | Found Pepnistrant's Magic Scroll Shoppe.
 21476 | Orc:4    | Bought a potion of haste for 110 gold pieces
 21982 | Orc:4    | Found Qoetiteu's Antique Weapon Boutique.
 21982 | Orc:4    | Found a one-way gate leading to the halls of Pandemonium.
 21982 | Orc:4    | Found Soz Vische's Gadget Shop.
 22063 | Orc:4    | Bought an iridescent morningstar for 261 gold pieces
 22063 | Orc:4    | Identified the cursed +0 morningstar of Zebex {pain, rF- MP+9 Dex+6 SInv} (You bought it in a shop on level 4 of the Orcish Mines)
 22848 | Lair:8   | Entered Level 8 of the Lair of Beasts
 22985 | Lair:8   | Reached skill level 10 in Invocations
 23031 | Lair:8   | Identified a +0 rod of destruction (12/12) (You found it on level 8 of the Lair of Beasts)
 23696 | Lair:8   | Reached XP level 15. HP: 83/83 MP: 23/23
 23741 | Lair:8   | Reached skill level 10 in Shields
 23861 | Lair:8   | Found a burning altar of Makhleb.
 23997 | Lair:8   | Found a gateway to Hell.
 24545 | D:5      | Bought an ancient plate armour for 672 gold pieces
 24545 | D:5      | Identified the +3 plate armour of Tunuzu {rElec} (You bought it in a shop on level 5 of the Dungeon)
 24607 | D:7      | Killed Joseph
 24786 | D:10     | Bought an uncursed ring of poison resistance for 320 gold pieces
 24992 | Swamp:1  | Entered Level 1 of the Swamp
 25043 | Swamp:1  | Found a frozen archway.
 25140 | IceCv    | Entered an ice cave
 25652 | IceCv    | Noticed an Ice Fiend
 25713 | IceCv    | HP: 2/83 [Ice Fiend/bolt of cold (11)]
 26107 | IceCv    | Slain by an Ice Fiend

Action                   |  1- 3 |  4- 6 |  7- 9 | 10-12 | 13-15 || total
-------------------------+-------+-------+-------+-------+-------++-------
Melee: Flail             |   120 |   178 |   269 |   502 |   191 ||  1260
       Whip              |       |       |   130 |       |       ||   130
       Eveningstar       |       |       |       |       |  1695 ||  1695
 Abil: Stop Flying       |       |       |     1 |       |       ||     1
Evoke: Wand              |       |       |       |     1 |       ||     1
  Use: Potion            |       |     1 |       |     1 |     4 ||     6
       Scroll            |       |       |    18 |    12 |     7 ||    37
 Stab: Paralysed         |       |       |       |     3 |       ||     3
  Eat: Chunk             |       |     7 |    14 |    14 |    32 ||    67
       Beef jerky        |       |       |     1 |     1 |     1 ||     3
       Pizza             |       |       |       |     2 |     1 ||     3
       Fruit             |       |       |       |     8 |     2 ||    10
       Meat ration       |       |       |       |       |     1 ||     1
